 Dungeon Crawl Stone Soup version 0.22-a0-605-g9281fa2 (webtiles) character file.

117702 scarywalker64 the Convoker (level 16, -1/110 HPs)
             Began as a Barachi Summoner on July 7, 2018.
             Was a High Priest of Sif Muna.
             Slain by a jumping spider (6 damage)
             ... on level 4 of the Spider Nest on July 9, 2018.
             The game lasted 12:41:51 (67067 turns).

scarywalker64 the Convoker (Barachi Summoner)      Turns: 67067, Time: 12:41:53

Health: -1/110     AC: 21    Str: 15    XL:     16   Next: 74%
Magic:  28/29      EV: 14    Int: 30    God:    Sif Muna [*****.]
Gold:   1046       SH:  0    Dex: 14    Spells: 2/51 levels left

rFire    + + +     SeeInvis .   X - +6 quarterstaff of Afosh {pain, rElec rPois rF+++ MP-9}
rCold    + . .     Gourm    .   (shield currently unavailable)
rNeg     . . .     Faith    .   D - +6 acid dragon scales
rPois    +         Spirit   .   R - +2 hat
rElec    +         Reflect  .   M - +0 cloak
rCorr    +         Harm     .   a - +0 pair of gloves "Egiul" {MR+ rCorr}
MR       ++++.     Clarity  +   Y - +2 pair of boots {run}
Stlth    ++........             C - amulet of Truth {*Drain Regen+ Str+4 Int+4}
HPRegen  0.68/turn              t - ring of protection from cold
MPRegen  0.21/turn              s - ring of Divine Compulsion {*Slow rF+ MR++ Int+6}

@: about to teleport, can't hop
A: +LOS, swims, blurry vision 1, clarity, electricity resistance, slowness 1,
strong legs 2
a: Hop, Divine Energy, Channel Magic, Forget Spell, Renounce Religion


You were on level 4 of the Spider Nest.
You worshipped Sif Muna.
Sif Muna was extremely pleased with you.
You were not hungry.

You visited 7 branches of the dungeon, and saw 34 of its levels.

You collected 4019 gold pieces.
You spent 2973 gold pieces at shops.

Inventory:

Hand Weapons
 v - a +4 trident of protection
 I - the +5 falchion "Zyoryrch" {venom, MR+}
   (You found it on level 15 of the Dungeon)

   It poisons the flesh of those it strikes.
   It affects your resistance to hostile enchantments.
 X - the +6 quarterstaff of Afosh (weapon) {pain, rElec rPois rF+++ MP-9}
   (You found it on level 10 of the Dungeon)

   In the hands of one skilled in necromantic magic, it inflicts extra damage on
   living creatures.
   It renders you almost immune to fire.
   It insulates you from electricity.
   It protects you from poison.
   It affects your magic capacity (-9).
Missiles
 E - 743 arrows
Armour
 a - the +0 pair of gloves "Egiul" (worn) {MR+ rCorr}
   (You bought it in a shop on level 4 of the Dungeon)

   It affects your resistance to hostile enchantments.
   It protects you from acid and corrosion.
 b - a +0 buckler of protection
 D - +6 acid dragon scales (worn)
 M - a +0 cloak (worn)
 R - a +2 hat (worn)
 Y - a +2 pair of boots of running (worn)
 Z - a +2 robe of cold resistance
Magical Staves
 u - an uncursed staff of wizardry
Jewellery
 g - an uncursed ring of flight
 i - a +3 ring of protection
 s - the ring of Divine Compulsion (right hand) {*Slow rF+ MR++ Int+6}
   (You bought it in a shop on level 2 of the Orcish Mines)

   [ring of protection from fire]

   It affects your intelligence (+6).
   It protects you from fire.
   It affects your resistance to hostile enchantments.
   It may slow you when you take damage.
 t - a ring of protection from cold (left hand)
 C - the amulet of Truth (around neck) {*Drain Regen+ Str+4 Int+4}
   (You found it on level 4 of the Swamp)

   [amulet of regeneration]

   It affects your strength (+4).
   It affects your intelligence (+4).
   It increases your rate of regeneration.
   It causes draining when unequipped.
 N - an uncursed ring of wizardry
 P - a +3 ring of evasion
 S - an uncursed ring of positive energy
Wands
 l - a wand of random effects (12)
 A - a wand of paralysis (45)
 G - a wand of disintegration (48)
 H - a wand of digging (14)
 J - a wand of scattershot (17)
 U - a wand of clouds (4)
 V - a wand of iceblast (19)
 W - a wand of polymorph (11)
Scrolls
 e - 4 scrolls of teleportation
 m - 2 scrolls of brand weapon
 p - 2 scrolls of fog
 w - 5 scrolls of magic mapping
 x - 7 scrolls of enchant weapon
 y - 4 scrolls of fear
 B - 11 scrolls of remove curse
 L - 10 scrolls of identify
 Q - 3 scrolls of silence
Potions
 d - 3 potions of curing
 j - 2 potions of resistance
 k - 4 potions of brilliance
 n - 3 potions of flight
 o - a potion of heal wounds
 q - 4 potions of mutation
 r - 2 potions of agility
 F - a potion of invisibility
 K - 4 potions of haste
 T - 3 potions of cancellation
Miscellaneous
 f - a phantom mirror
 h - a fan of gales
 O - a phial of floods
Comestibles
 c - 26 rations


   Skills:
 + Level 5.5 Fighting
 - Level 0.3 Polearms
 - Level 5.0 Armour
 + Level 5.8 Dodging
 - Level 3.0 Stealth
 - Level 4.0 Shields
 + Level 18.2 Spellcasting
 + Level 4.8 Conjurations
 + Level 1.3 Hexes
 - Level 20.0 Summonings
 + Level 2.6 Translocations
 - Level 10.0 Ice Magic
 - Level 4.0 Air Magic


You had 2 spell levels left.
You knew the following spells:

 Your Spells              Type           Power        Failure   Level  Hunger
a - Summon Hydra          Summ           #######...   1%          7    ####...
b - Throw Icicle          Conj/Ice       ######..     1%          4    None
c - Call Canine Familiar  Summ           #######.     0%          3    None
d - Conjure Flame         Conj/Fire      #####...     2%          3    None
e - Confusing Touch       Hex            #####.       1%          1    None
f - Animate Skeleton      Necr           N/A          1%          1    None
g - Apportation           Tloc           #####.       1%          1    None
h - Summon Ice Beast      Ice/Summ       #######.     1%          4    None
i - Summon Lightning Spi  Summ/Air       #######.     1%          4    None
j - Confuse               Hex            #####...     3%          3    None
k - Blink                 Tloc           N/A          1%          2    None
l - Shock                 Conj/Air       ####         1%          1    None
m - Swiftness             Chrm/Air       #####...     1%          2    None
n - Bolt of Cold          Conj/Ice       ######....   16%         6    #......
o - Summon Butterflies    Summ           #######.     0%          1    None
p - Shadow Creatures      Summ           N/A          1%          6    #......

Your spell library contained the following spells:

 Spells                   Type           Power        Failure   Level  Hunger
 Cause Fear               Hex            #####.....   12%         4    None
 Magic Dart               Conj           ####         1%          1    None
 Bolt of Fire             Conj/Fire      #####.....   75%         6    #......
 Lightning Bolt           Conj/Air       ######....   9%          5    None
 Bolt of Magma            Conj/Fire/Erth #####.....   28%         5    None
 Invisibility             Hex            #####...     88%         6    #......
 Controlled Blink         Tloc           N/A          100%        8    ######.
 Freezing Cloud           Conj/Ice/Air   ######....   24%         6    #......
 Mephitic Cloud           Conj/Pois/Air  #####...     1%          3    None
 Ring of Flames           Chrm/Fire      ####......   100%        7    ####...
 Venom Bolt               Conj/Pois      #####.....   22%         5    None
 Olgreb's Toxic Radiance  Pois           ####....     21%         4    None
 Summon Small Mammal      Summ           ####         0%          1    None
 Bolt of Draining         Conj/Necr      #####.....   22%         5    None
 Iskenderun's Mystic Bla  Conj           ######..     2%          4    None
 Summon Horrible Things   Summ           #######...   3%          8    ######.
 Animate Dead             Necr           N/A          21%         4    None
 Pain                     Necr           ####         1%          1    None
 Vampiric Draining        Necr           ####......   6%          3    None
 Haunt                    Necr/Summ      ######....   28%         7    ####...
 Freeze                   Ice            ####         1%          1    None
 Ozocubu's Refrigeration  Ice            ######....   5%          6    #......
 Ozocubu's Armour         Chrm/Ice       ######..     1%          3    None
 Call Imp                 Summ           #######.     0%          2    None
 Poison Arrow             Conj/Pois      #####.....   75%         6    #......
 Regeneration             Chrm/Necr      ####......   6%          3    None
 Sting                    Conj/Pois      ####         1%          1    None
 Tukima's Dance           Hex            #####...     3%          3    None
 Summon Demon             Summ           #######...   0%          5    None
 Summon Greater Demon     Summ           #######...   1%          7    ####...
 Iron Shot                Conj/Erth      #####.....   75%         6    #......
 Stone Arrow              Conj/Erth      #####.       2%          3    None
 Recall                   Summ/Tloc      N/A          1%          3    None
 Spider Form              Tmut/Pois      ####......   6%          3    None
 Blade Hands              Tmut           ####......   50%         5    None
 Statue Form              Tmut/Erth      ####.....    97%         6    #......
 Ice Form                 Ice/Tmut       ######..     2%          4    None
 Dragon Form              Tmut           ####......   100%        7    ####...
 Glaciate                 Conj/Ice       ######....   100%        9    #######
 Airstrike                Air            ######....   3%          4    None
 Flame Tongue             Conj/Fire      #####        1%          1    None
 Passwall                 Tmut/Erth      ####....     3%          2    None
 Sticks to Snakes         Tmut           ####....     3%          2    None
 Metabolic Englaciation   Hex/Ice        ######....   5%          5    None
 Silence                  Hex/Air        #####.....   19%         5    None
 Static Discharge         Conj/Air       ######..     1%          3    None
 Lee's Rapid Deconstruct  Erth           ####......   50%         5    None
 Sandblast                Erth           ####..       1%          1    None
 Simulacrum               Ice/Necr       ######....   38%         6    #......
 Chain Lightning          Conj/Air       ######....   100%        8    ######.
 Monstrous Menagerie      Summ           #######...   1%          7    ####...
 Petrify                  Tmut/Erth      ####....     21%         4    None
 Malign Gateway           Summ/Tloc      #######...   17%         7    ####...
 Shroud of Golubria       Chrm/Tloc      #####.....   1%          2    None
 Aura of Abjuration       Summ           #######...   0%          5    None
 Beastly Appendage        Tmut           ####..       1%          1    None
 Disjunction              Tloc           #####.....   100%        8    ######.
 Iskenderun's Battlesphe  Conj/Chrm      #####...     22%         5    None
 Fulminant Prism          Conj/Hex       #####.....   6%          4    None
 Dazzling Spray           Conj/Hex       #####.       1%          3    None
 Force Lance              Conj/Tloc      #####...     4%          4    None
 Infusion                 Chrm           ####         1%          1    None
 Song of Slaying          Chrm           ####....     3%          2    None
 Spectral Weapon          Hex/Chrm       ####....     4%          3    None
 Searing Ray              Conj           ######       1%          2    None
 Summon Guardian Golem    Hex/Summ       ######..     1%          3    None
 Dragon's Call            Summ           #######...   50%         9    #######
 Spellforged Servitor     Conj/Summ      #######...   11%         7    ####...
 Summon Mana Viper        Hex/Summ       ######..     1%          5    None
 Hydra Form               Tmut           ####......   97%         6    #......
 Irradiate                Conj/Tmut      #####.....   22%         5    None
 Gell's Gravitas          Tloc           #####.....   1%          3    None
 Yara's Violent Unravell  Hex/Tmut       ####......   41%         5    None
 Poisonous Vapours        Pois/Air       #####.       1%          2    None


Dungeon Overview and Level Annotations

Branches:
Dungeon (15/15)            Temple (1/1) D:5            Lair (6/6) D:10
  Swamp (4/4) Lair:2       Spider (4/4) Lair:4        Slime (0/5) Lair:5
    Orc (2/2) D:12            Elf (2/3) Orc:2        Vaults (0/5) D:14
 Depths (0/5) D:15

Altars:
Ashenzari
Cheibriados
Dithmenos
Elyvilon
Fedhas
Gozag
Hepliaklqana
Kikubaaqudgha
Makhleb
Nemelex Xobeh
Okawaru
Qazlal
Ru
Sif Muna
Trog
Uskayaw
Vehumet
Wu Jian
Xom
Yredelemnul
Zin
The Shining One
Beogh

Shops:
D:4 :*[   D:5 *   D:6 :   D:9 [   D:10 }   Orc:2 =?=*   Elf:1 }

Annotations:
D:12 2 runed doors, grandjackal's ghost, journeyman DrWz
Lair:6 Nessos
Swamp:4 Lernaean hydra


Innate Abilities, Weirdness & Mutations

Shadows flee at your approach. (+LOS)
You can swim through water.
You cover ground slowly.
You can hop long distances.
Scrolls take you a little longer to read.
You possess an exceptional clarity of mind.
You are resistant to electric shocks. (rElec)


Message History

The redback bites you but does no damage.
The jumping spider pounces on you!
* * * LOW HITPOINT WARNING * * *
You are even more entangled.
The jumping spider bites you.
* * * LOW HITPOINT WARNING * * *
The jumping spider pounces on you!
* * * LOW HITPOINT WARNING * * *
You are even more entangled.
The jumping spider bites you.
* * * LOW HITPOINT WARNING * * *
The wolf spider hits you.
* * * LOW HITPOINT WARNING * * *
The wolf spider barely misses you.
There is a web, spattered with blood here.
The web tears apart.
The jumping spider pounces on you but does no damage.
The jumping spider bites you.
* * * LOW HITPOINT WARNING * * *
The jumping spider pounces on you but does no damage.
The jumping spider bites you.
You die...

####### ######
#...#^#####....####
#..^..#.#.#....^#.#
##.....#.<^#§.#.^#
####..#^.....##....##
#.#...###..###sss#^.#
#...#..#...##s@ss####
#...#.##.#######y.^#
#..#...#######.##^s#######
###.#.<....##...#^§##.#.#.##
# ###.....## #.....#..^....#
# ##..##### ##....###....# #
#....# #..#..s#...#.#
###..## ####......#### #
##...## ##...#....#....


You could see a wolf spider, an orb spider, a hornet, 3 jumping spiders, a
tarantella and a redback.

Vanquished Creatures
  A fire dragon (D:12)
  A hydra (Swamp:3)
  2 spriggan druids
  A deep elf archer (Elf:1)
  8 deep elf magi
  A manticore (D:11)
  6 orb spiders
  6 wolf spiders
  A cyclops (D:12)
  4 moths of wrath
  An elephant (Lair:4)
  A torpor snail (Spider:3)
  A centaur skeleton (D:11)
  3 spiny frogs
  2 demonic crawlers
  11 jumping spiders
  2 polar bears (Lair:6)
  2 hornets
  A hippogriff (Lair:6)
  A blink frog (Lair:4)
  A slime creature (Swamp:1)
  7 tarantellas
  14 redbacks
  4 water elementals
  A wyvern (D:12)
  A human (D:9)
  4 yaks
  A hungry ghost (D:13)
  A steam dragon (D:11)
  An insubstantial wisp (Lair:1)
  2 wargs (Orc:2)
  A water moccasin (Lair:6)
  An acid dragon (D:15)
  A porcupine (Lair:5)
  A swamp drake (Swamp:4)
  An ice beast (D:5)
  A black bear (D:8)
  An ogre (D:12)
  3 centaurs
  A big kobold (D:8)
  4 bullfrogs
  A wyvern skeleton (D:13)
  4 howler monkeys
  2 electric eels
  2 crimson imps
  2 bullfrog zombies
  A hound (D:14)
  7 orc priests
  2 orc wizards
  4 bullfrog skeletons
  2 jellies
  An iguana (D:6)
  6 worker ants
  A hound zombie (D:6)
  A hound skeleton (D:5)
  6 gnolls
  An adder (D:2)
  An adder skeleton (D:4)
  A worm (D:6)
  A leopard gecko (D:3)
  34 orcs
  4 bats
  5 giant cockroaches
  5 goblins
  A hobgoblin (D:1)
  6 jackals
  3 quokkas
  A ball python skeleton (D:4)
  2 frilled lizards
  A giant cockroach zombie (D:5)
  10 kobolds
  A rat (D:3)
  A fungus (Lair:2)
228 creatures vanquished.

Vanquished Creatures (collateral kills)
  Arachne (Spider:1)
  Frances (Spider:1)
  2 thorn hunters (Swamp:3)
  The ghost of Chazgasm the Warrior, an adept GrFi of Okawaru (Swamp:4)
  Louise (Elf:1)
  2 emperor scorpions
  2 entropy weavers (Spider:1)
  A deep elf demonologist (Elf:1)
  Azrael (Spider:1)
  2 dire elephants
  An ettin (Orc:2)
  2 fire dragons
  Fannar (D:10)
  2 deep elf high priests (Elf:1)
  2 catoblepae (Lair:5)
  17 hydras
  The ghost of arthad the Cleaver, a journeyman DsCK of Xom (D:10)
  Erolcha (D:9)
  6 two-headed ogres
  4 centaur warriors
  2 death knights
  A merfolk avatar (Lair:6)
  A queen ant (Lair:1)
  7 dancing weapons (Elf:1)
  An ogre mage (D:14)
  A tengu warrior (D:12)
  7 alligators
  14 death yaks
  3 deep elf knights (Elf:1)
  9 orc high priests
  2 skeletal warriors
  Nergalle (Lair:4)
  2 spriggan druids (Swamp:2)
  A wizard (D:15)
  3 shambling mangroves
  A phantasmal warrior (D:11)
  2 deep elf archers (Elf:1)
  10 swamp dragons
  Pikel (D:9)
  13 orb spiders
  2 harpies (Lair:6)
  18 wolf spiders
  8 ugly things
  15 deep elf magi
  6 manticores
  A faun (shapeshifter) (Elf:1)
  2 moths of wrath
  3 cyclopes
  18 elephants
  A black mamba (Lair:1)
  Maurice (Orc:2)
  A centaur skeleton (D:12)
  3 torpor snails
  14 spiny frogs
  A gargoyle (D:11)
  2 kobold demonologists (D:13)
  A yaktaur (D:15)
  3 rime drakes
  7 komodo dragons
  8 demonic crawlers
  A freezing wraith (D:11)
  26 jumping spiders
  A tengu conjurer (D:12)
  4 trolls
  4 polar bears
  A wind drake (Lair:6)
  2 bog bodies
  6 tyrant leeches
  19 hornets
  5 hippogriffs
  3 slime creatures (Swamp:1)
  2 dream sheep (D:8)
  3 blink frogs
  39 redbacks
  2 shadows
  A vampire (D:12)
  14 tarantellas
  A centaur simulacrum (D:14)
  12 spriggans
  3 wyverns
  An air elemental (Elf:1)
  45 yaks
  6 basilisks
  3 fire elementals
  2 humans (D:9)
  10 vampire mosquitoes
  3 hungry ghosts
  9 insubstantial wisps
  7 wargs (Orc:2)
  10 swamp worms
  8 soldier ants
  4 acid dragons
  10 water moccasins
  7 porcupines
  2 black bears
  3 hell hounds (Spider:1)
  8 swamp drakes
  15 orc warriors
  3 sky beasts
  3 slaves (D:9)
  A phantom (D:12)
  17 ogres
  A necrophage (D:10)
  19 centaurs
  11 wolves (Lair:4)
  13 crocodiles
  8 big kobolds
  Blork the orc (D:6)
  12 bullfrogs
  A gnoll sergeant (D:10)
  2 wyvern zombies
  4 scorpions
  8 jellies
  4 killer bees (D:10)
  3 wights (D:10)
  A howler monkey (D:14)
  2 crimson imps
  A bullfrog zombie (D:7)
  A quasit (D:9)
  3 centaur zombies
  26 orc priests
  A bullfrog skeleton (D:9)
  2 gnoll shamans
  10 hounds
  2 iguanas
  13 orc wizards
  Terence (D:3)
  27 worker ants
  A hound zombie (D:11)
  A hound skeleton (D:4)
  A howler monkey zombie (D:7)
  20 gnolls
  7 adders
  2 shadow imps
  5 oozes
  3 adder skeletons
  3 worms
  2 dart slugs (D:3)
  4 leopard geckos
  52 orcs
  A giant cockroach (D:6)
  4 goblins
  6 hobgoblins
  6 jackals
  3 ball pythons
  3 bats
  A frilled lizard (D:3)
  16 kobolds
  4 rats
  6 fungi
  3 plants (Lair:6)
905 creatures vanquished.

Vanquished Creatures (others)
  A spiny frog (Lair:5)
  A worker ant (D:8)
  An orc (Orc:1)
  5 briar patches (Swamp:3)
  2 bushes (Lair:6)
  4 fungi
  20 plants
34 creatures vanquished.

Grand Total: 1167 creatures vanquished

Notes
Turn   | Place    | Note
-------+----------+-------------------------------------------
     0 | D:1      | scarywalker64 the Barachi Summoner began the quest for the Orb.
     0 | D:1      | Reached XP level 1. HP: 13/13 MP: 3/3
    39 | D:1      | Reached skill level 5 in Summonings
   418 | D:1      | Reached XP level 2. HP: 19/19 MP: 1/5
   589 | D:1      | Learned a level 2 spell: Call Imp
  1579 | D:2      | Reached XP level 3. HP: 18/24 MP: 2/6
  1584 | D:2      | Learned a level 3 spell: Call Canine Familiar
  3249 | D:3      | Reached XP level 4. HP: 30/30 MP: 8/8
  3413 | D:3      | Learned a level 3 spell: Summon Guardian Golem
  3928 | D:3      | Noticed Terence
  3951 | D:3      | Killed Terence
  4029 | D:4      | Found Zatinwim's Antique Armour Shoppe.
  4400 | D:3      | Reached skill level 6 in Summonings
  4410 | D:3      | Reached XP level 5. HP: 14/36 MP: 2/10
  4808 | D:4      | Noticed an ogre
  4831 | D:3      | Killed an ogre
  5951 | D:5      | Entered Level 5 of the Dungeon
  5951 | D:5      | Found Axaiss's Assorted Antiques.
  5962 | D:4      | Found Kaluhati's Book Shop.
  6070 | D:4      | Reached skill level 1 in Fighting
  6070 | D:4      | Reached XP level 6. HP: 43/43 MP: 3/11
  6132 | D:4      | Found Jawo's Assorted Antiques.
  6294 | D:4      | Bought a scroll of identify for 50 gold pieces
  6294 | D:4      | Bought a scroll of fear for 87 gold pieces
  6294 | D:4      | Bought a scroll labeled QOTIBLA RIMEF for 25 gold pieces
  6489 | D:5      | Learned a level 1 spell: Confusing Touch
  6569 | D:5      | Noticed an ice beast
  6598 | D:5      | Killed an ice beast
  6722 | D:5      | Reached skill level 7 in Summonings
  7031 | D:5      | Reached XP level 7. HP: 48/50 MP: 13/13
  7196 | D:5      | Learned a level 1 spell: Animate Skeleton
  7198 | D:5      | Learned a level 1 spell: Apportation
  7290 | D:5      | Bought a scroll of identify for 50 gold pieces
  7290 | D:5      | Bought a scroll of identify for 50 gold pieces
  7343 | D:6      | Identified the Incunabulum of Lethal Beguiling
  7472 | D:5      | Found a staircase to the Ecumenical Temple.
  7478 | Temple   | Entered the Ecumenical Temple
  8086 | Temple   | Became a worshipper of Sif Muna the Loreminder
  8253 | D:6      | Noticed Blork the orc
  8266 | D:6      | Killed Blork the orc
  8401 | D:6      | Reached skill level 5 in Spellcasting
  8591 | D:6      | Found Xonurchaxya's Book Boutique.
  8923 | D:6      | Learned a level 4 spell: Summon Ice Beast
  8945 | D:6      | Reached skill level 8 in Summonings
  9141 | D:6      | Reached XP level 8. HP: 57/57 MP: 8/16
  9269 | D:7      | Found a bloodstained altar of Trog.
  9550 | D:7      | Reached * piety under Sif Muna
 10302 | D:8      | Reached skill level 9 in Summonings
 10308 | D:8      | Learned a level 4 spell: Summon Lightning Spire
 10400 | D:8      | Got a smoking scale mail
 10555 | D:8      | Got a pair of ichor-stained boots
 10561 | D:8      | Identified the -4 pair of boots of Bauteono {*Slow rElec rF+} (You found it on level 8 of the Dungeon)
 10737 | D:8      | Found a sparkling altar of Nemelex Xobeh.
 10860 | D:8      | Found a shimmering altar of Xom.
 10909 | D:8      | Noticed a dream sheep
 10909 | D:8      | Noticed a yak
 10909 | D:8      | Noticed a dream sheep
 10909 | D:8      | Noticed a yak
 11068 | D:8      | Killed a yak
 11068 | D:8      | Reached ** piety under Sif Muna
 11072 | D:8      | Killed a dream sheep
 11072 | D:8      | Reached XP level 9. HP: 63/63 MP: 17/20
 11087 | D:8      | Reached skill level 10 in Summonings
 11250 | D:8      | Noticed a three-headed hydra
 11258 | D:8      | Learned a level 3 spell: Confuse
 11290 | D:8      | Killed a three-headed hydra
 11888 | D:9      | Found Feusaol's Armour Shop.
 11923 | D:9      | Bought a +2 hat for 240 gold pieces
 11930 | D:9      | Noticed Pikel
 11953 | D:9      | Killed Pikel
 11953 | D:9      | Reached *** piety under Sif Muna
 11953 | D:9      | Reached skill level 1 in Ice Magic
 12018 | D:9      | Identified the cursed +1 scale mail of the Dropbear {-Tele rCorr Dex+4 Stlth+} (You found it on level 8 of the Dungeon)
 12163 | D:9      | Reached skill level 11 in Summonings
 12167 | D:9      | Reached XP level 10. HP: 70/70 MP: 6/23
 12331 | D:9      | Noticed a two-headed ogre
 12357 | D:9      | Killed a two-headed ogre
 12357 | D:9      | Reached skill level 10 in Spellcasting
 12568 | D:9      | Noticed Erolcha
 13026 | D:9      | Reached **** piety under Sif Muna
 13377 | D:10     | Entered Level 10 of the Dungeon
 13522 | D:10     | Found a runed door.
 13522 | D:10     | Noticed arthad's ghost (journeyman DsCK)
 13557 | D:10     | Killed arthad's ghost
 14119 | D:10     | Got a twisted quarterstaff
 14354 | D:10     | Noticed Fannar
 14386 | D:10     | Killed Fannar
 14386 | D:10     | Reached skill level 12 in Summonings
 14610 | D:9      | Identified the +6 quarterstaff of Afosh {pain, rElec rPois rF+++ MP-9} (You found it on level 10 of the Dungeon)
 14799 | D:10     | Found a staircase to the Lair.
 14799 | D:10     | Noticed a death yak
 14799 | D:10     | Noticed a death yak
 14801 | D:10     | Noticed a death yak
 14801 | D:10     | Noticed a death yak
 14801 | D:10     | Noticed a death yak
 14820 | D:10     | Killed a death yak
 15189 | D:10     | Killed a death yak
 15195 | D:10     | Killed a death yak
 15195 | D:10     | Reached ***** piety under Sif Muna
 15386 | D:10     | Killed a death yak
 15386 | D:10     | Identified Sif Muna's Catalogue of Warped Attacks (Sif Muna gifted it to you on level 10 of the Dungeon)
 15386 | D:10     | Received a gift from Sif Muna
 15386 | D:10     | Reached XP level 11. HP: 51/75 MP: 5/26
 15668 | D:10     | Killed a death yak
 15912 | D:10     | Found Hip Anak's Gadget Boutique.
 15974 | D:11     | Noticed a cyclops
 16058 | D:11     | Noticed a manticore
 16357 | Lair:1   | Entered Level 1 of the Lair of Beasts
 16357 | Lair:1   | Noticed a four-headed hydra
 16408 | D:10     | Reached skill level 5 in Ice Magic
 16554 | D:10     | Learned a level 2 spell: Blink
 16556 | D:10     | Learned a level 1 spell: Shock
 16655 | D:10     | Learned a level 2 spell: Swiftness
 16966 | D:10     | Killed a four-headed hydra
 16966 | D:10     | Reached skill level 13 in Summonings
 17190 | Lair:1   | Noticed a seven-headed hydra
 17251 | Lair:1   | Killed a seven-headed hydra
 18497 | Lair:1   | Identified a +0 pair of boots of running (You found it on level 1 of the Lair of Beasts)
 19267 | Lair:2   | Reached skill level 14 in Summonings
 19362 | Lair:2   | Noticed a five-headed hydra
 19376 | Lair:2   | Killed a five-headed hydra
 19651 | Lair:2   | Noticed a queen ant
 19942 | Lair:1   | Killed a queen ant
 20991 | Lair:2   | Identified Sif Muna's Collected Works on Arcane Weapons and Summoning (Sif Muna gifted it to you on level 2 of the Lair of Beasts)
 20991 | Lair:2   | Received a gift from Sif Muna
 21202 | Lair:2   | Reached skill level 15 in Summonings
 21300 | Lair:2   | Learned a level 6 spell: Bolt of Cold
 21416 | Lair:2   | Found a staircase to the Swamp.
 21868 | Lair:3   | Reached XP level 12. HP: 81/81 MP: 4/28
 22098 | Lair:3   | Got a crude glass ring
 22363 | Lair:3   | Identified the ring "Qos Vativ" {Ice *Slow +Blink Dex+3 Stlth+} (You found it on level 3 of the Lair of Beasts)
 22447 | Lair:4   | Noticed a death yak
 22448 | Lair:4   | Noticed a death yak
 22453 | Lair:4   | Noticed a death yak
 22453 | Lair:4   | Noticed a death yak
 22458 | Lair:4   | Noticed a death yak
 22697 | Lair:3   | Killed a death yak
 22704 | Lair:3   | Killed a death yak
 22704 | Lair:3   | Reached skill level 16 in Summonings
 22708 | Lair:3   | Killed a death yak
 22708 | Lair:3   | Reached skill level 1 in Translocations
 23501 | Lair:4   | Noticed Nergalle
 23514 | Lair:4   | Killed Nergalle
 23722 | Lair:4   | Killed a death yak
 23727 | Lair:4   | Killed a death yak
 23734 | Lair:4   | Reached skill level 1 in Conjurations
 23773 | Lair:4   | Found a hole to the Spider Nest.
 24356 | Lair:4   | Identified Sif Muna's Tome of Creative Combat Magic (Sif Muna gifted it to you on level 4 of the Lair of Beasts)
 24356 | Lair:4   | Received a gift from Sif Muna
 24758 | Lair:5   | Noticed a catoblepas
 24758 | Lair:5   | Noticed a catoblepas
 24765 | Lair:5   | Found a staircase to the Slime Pits.
 25017 | Lair:5   | Reached skill level 17 in Summonings
 25175 | Lair:5   | Noticed a four-headed hydra
 25181 | Lair:5   | Killed a four-headed hydra
 25279 | Lair:5   | Killed a catoblepas
 25506 | Lair:5   | Killed a catoblepas
 26164 | Lair:5   | Reached skill level 1 in Hexes
 26494 | Lair:6   | Entered Level 6 of the Lair of Beasts
 26525 | Lair:6   | Gained mutation: You can hop long distances. [Barachi growth]
 26525 | Lair:6   | Reached XP level 13. HP: 86/86 MP: 16/29
 26960 | Lair:6   | Noticed Nessos
 28179 | Lair:6   | Noticed a dire elephant
 28206 | Lair:6   | Killed a dire elephant
 28493 | Lair:6   | Identified Plog's Grimoire of Illusion (Sif Muna gifted it to you on level 6 of the Lair of Beasts)
 28493 | Lair:6   | Received a gift from Sif Muna
 29411 | Lair:6   | Got a jewelled scale mail
 29441 | Lair:5   | Identified the cursed +1 scale mail of Follow the Leader {+Blink rCorr} (You found it on level 6 of the Lair of Beasts)
 30513 | D:11     | Reached skill level 18 in Summonings
 32762 | D:12     | Found a runed door.
 32768 | D:12     | Found a runed door.
 32768 | D:12     | Noticed an ettin
 32768 | D:12     | Noticed a yaktaur captain
 32768 | D:12     | Noticed a lich
 33012 | D:12     | Found a staircase to the Orcish Mines.
 33129 | D:12     | Noticed grandjackal's ghost (journeyman DrWz)
 33706 | D:13     | Noticed a fire dragon
 33706 | D:13     | Noticed a fire dragon
 33912 | D:9      | Killed Erolcha
 34127 | Orc:1    | Entered Level 1 of the Orcish Mines
 34396 | Orc:2    | Entered Level 2 of the Orcish Mines
 34396 | Orc:2    | Noticed an ettin
 34406 | Orc:2    | Killed an ettin
 34756 | Orc:2    | Found a radiant altar of Vehumet.
 35052 | Orc:2    | Found a staircase to the Elven Halls.
 35443 | Orc:2    | Identified Sif Muna's Guide on Snow and Bewitchment (Sif Muna gifted it to you on level 2 of the Orcish Mines)
 35443 | Orc:2    | Received a gift from Sif Muna
 35489 | Orc:2    | Found a roughly hewn altar of Beogh.
 35770 | Orc:2    | Reached XP level 14. HP: 61/93 MP: 7/32
 35998 | Orc:2    | Found Zugro's Jewellery Boutique.
 36050 | Orc:2    | Bought an uncursed amulet of magic regeneration for 420 gold pieces
 36050 | Orc:2    | Bought an uncursed ring of protection from magic for 350 gold pieces
 36050 | Orc:2    | Bought the ring of Divine Compulsion {*Slow rF+ MR++ Int+6} for 663 gold pieces
 36131 | Orc:2    | Found Aggyufiw's Magic Scroll Emporium.
 36358 | Orc:2    | Found Koerghunk's Jewellery Boutique.
 36358 | Orc:2    | Found Ajulaen's General Store.
 37091 | Orc:1    | Noticed Maurice
 37783 | Orc:2    | Killed Maurice
 38729 | Swamp:1  | Entered Level 1 of the Swamp
 39756 | Swamp:2  | Reached skill level 15 in Spellcasting
 39994 | Swamp:2  | HP: 2/93 [spriggan rider/spear (24)]
 40906 | Swamp:2  | Identified Mocynero's Incunabulum of Attacks (Sif Muna gifted it to you on level 2 of the Swamp)
 40906 | Swamp:2  | Received a gift from Sif Muna
 41180 | Swamp:2  | Reached skill level 19 in Summonings
 41698 | Lair:2   | Learned a level 7 spell: Summon Hydra
 41703 | Lair:2   | Learned a level 4 spell: Throw Icicle
 41707 | Lair:2   | Learned a level 3 spell: Conjure Flame
 41709 | Lair:2   | Learned a level 1 spell: Summon Butterflies
 41788 | Spider:1 | Entered Level 1 of the Spider Nest
 42381 | Spider:1 | Noticed an entropy weaver
 43371 | Spider:1 | Reached skill level 1 in Air Magic
 43704 | Spider:1 | Noticed Azrael
 43728 | Spider:1 | Killed Azrael
 44466 | Spider:1 | Noticed an entropy weaver
 44496 | Spider:1 | Killed an entropy weaver
 44586 | Spider:1 | Killed an entropy weaver
 46575 | D:13     | Reached XP level 15. HP: 100/100 MP: 6/34
 47471 | D:14     | Found a sparkling altar of Nemelex Xobeh.
 47624 | D:14     | Identified Sif Muna's Tome of Execration and Conjuration (Sif Muna gifted it to you on level 14 of the Dungeon)
 47624 | D:14     | Received a gift from Sif Muna
 47999 | D:14     | Found a gate to the Vaults.
 48430 | D:15     | Entered Level 15 of the Dungeon
 48778 | D:15     | Found a snail-covered altar of Cheibriados.
 49577 | D:15     | Found a staircase to the Depths.
 49583 | D:15     | Noticed an emperor scorpion
 49609 | D:15     | Killed an emperor scorpion
 50042 | D:15     | Reached skill level 1 in Armour
 50184 | D:15     | Got a pitted falchion
 50185 | D:15     | Identified the +5 falchion "Zyoryrch" {venom, MR+} (You found it on level 15 of the Dungeon)
 50687 | Orc:2    | Bought an uncursed ring of positive energy for 280 gold pieces
 50687 | Orc:2    | Bought an uncursed ring of protection from cold for 350 gold pieces
 50887 | D:4      | Bought a shiny buckler for 180 gold pieces
 51152 | Elf:1    | Entered Level 1 of the Elven Halls
 51527 | Elf:1    | Noticed Louise
 51551 | Elf:1    | Killed Louise
 52264 | Elf:1    | Reached skill level 1 in Shields
 52861 | Elf:1    | Found Vaenizepp's Gadget Shop.
 54648 | Elf:1    | Noticed an Executioner
 54946 | Elf:2    | Noticed a deep elf elementalist
 55208 | D:4      | Bought a pair of jewelled gloves for 228 gold pieces
 55218 | D:4      | Identified the cursed +0 pair of gloves "Egiul" {MR+ rCorr} (You bought it in a shop on level 4 of the Dungeon)
 55991 | Swamp:3  | Noticed a thorn hunter
 56015 | Swamp:3  | Killed a thorn hunter
 56352 | Swamp:3  | Noticed a thorn hunter
 56620 | Swamp:3  | Killed a thorn hunter
 57038 | Swamp:4  | Entered Level 4 of the Swamp
 57602 | Swamp:4  | Identified Sif Muna's Catalogue of the Icy Entourage (Sif Muna gifted it to you on level 4 of the Swamp)
 57602 | Swamp:4  | Received a gift from Sif Muna
 57897 | Swamp:4  | Reached XP level 16. HP: 85/106 MP: 25/37
 58072 | Swamp:4  | Found a runed gate.
 58072 | Swamp:4  | Found a runed gate.
 58072 | Swamp:4  | Found a runed gate.
 58236 | Swamp:4  | Noticed Chazgasm's ghost (adept GrFi)
 58265 | Swamp:4  | Killed Chazgasm's ghost
 58278 | Swamp:4  | Got a bound emerald amulet
 58306 | Swamp:4  | Identified the amulet of Truth {*Drain Regen+ Str+4 Int+4} (You found it on level 4 of the Swamp)
 58602 | Swamp:4  | Noticed the 27-headed Lernaean hydra
 58604 | Swamp:4  | Noticed a thorn hunter
 59080 | Spider:1 | Learned a level 6 spell: Shadow Creatures
 59224 | Spider:1 | Noticed Frances
 59411 | Spider:1 | Killed Frances
 59411 | Spider:1 | Reached skill level 20 in Summonings
 62847 | Spider:3 | Noticed Arachne
 62930 | Spider:1 | Killed Arachne
 63628 | Spider:3 | Identified Sif Muna's Almanac of Quantum Companions (Sif Muna gifted it to you on level 3 of the Spider Nest)
 63628 | Spider:3 | Received a gift from Sif Muna
 63898 | Spider:2 | Gained mutation: Armour fits poorly on your strangely shaped body. [potion of mutation]
 63898 | Spider:2 | Gained mutation: You have a beak for a mouth. [potion of mutation]
 63898 | Spider:2 | Gained mutation: You are resistant to electric shocks. (rElec) [potion of mutation]
 63899 | Spider:2 | Lost mutation: Armour fits poorly on your strangely shaped body. [potion of mutation]
 63899 | Spider:2 | Lost mutation: You have a beak for a mouth. [potion of mutation]
 63899 | Spider:2 | Lost mutation: You are resistant to electric shocks. (rElec) [potion of mutation]
 63899 | Spider:2 | Gained mutation: You expend magic power (3 MP) to strengthen your wands. [potion of mutation]
 63899 | Spider:2 | Gained mutation: Your muscles are strong. (Str +2) [potion of mutation]
 63900 | Spider:2 | Lost mutation: Your muscles are strong. (Str +2) [potion of mutation]
 63900 | Spider:2 | Lost mutation: You expend magic power (3 MP) to strengthen your wands. [potion of mutation]
 63900 | Spider:2 | Gained mutation: You are resistant to electric shocks. (rElec) [potion of mutation]
 63900 | Spider:2 | Gained mutation: Scrolls take you a little longer to read. [potion of mutation]
 63900 | Spider:2 | Gained mutation: You possess an exceptional clarity of mind. [potion of mutation]
 64590 | Spider:4 | Entered Level 4 of the Spider Nest
 64598 | Spider:4 | Reached skill level 5 in Armour
 64613 | Spider:4 | Reached skill level 5 in Dodging
 65179 | Spider:3 | Reached skill level 10 in Ice Magic
 65700 | Spider:4 | Reached skill level 5 in Fighting
 67067 | Spider:4 | HP: 5/110 [jumping spider (2)]
 67067 | Spider:4 | Slain by a jumping spider

Vault maps used:
D:1:      tarquinn_simple_flora_water_b
D:2:      minmay_tree_intersection
D:3:      st_stairs_1, nrook_loot_triangle, uniq_terence
D:4:      first_ration, serial_shops, shop_fountains, shop,
          nicolae_shop_overgrown_old_shop
D:5:      minmay_temple_entry_fiery, serial_shops,
          nicolae_shop_overgrown_old_shop
D:6:      serial_shops, shop_statue, uniq_blork_the_orc
D:7:      lemuel_crystal_altar
D:8:      basic_altar, hangedman_ranch, nemelex_spade_bored_becter
D:9:      serial_shops, nicolae_shop_stone, minmay_ruffians, uniq_pikel,
          uniq_erolcha
D:10:     dpeg_lair_monsters, serial_shops, shop_fountains,
          gammafunk_ghost_grave, uniq_fannar
D:12:     kennysheep_orc_monster_closet_entryway, muffindrake_ghost_dual_entry
D:13:     minmay_ambush_box, enter_bailey_2, kennysheep_generic_room_3
D:14:     david_vaults_2, lemuel_crystal_altar, minmay_hedge_maze, minivault_14
D:15:     hangedman_depths_entry_try_elsewhere_first, cheibriados_altar_1,
          spider_trap
Temple:   nicolae_temple_the_god_donut
Lair:1:   st_stairs_8, infiniplex_staircase_pool, grunt_megastairs_1
Lair:2:   minmay_swamp_entry_wisps, minmay_another_anthill
Lair:4:   spider_nest_entry_rubble, eino_small_chamber_without_monster,
          uniq_nergalle
Lair:5:   nzn_motion_control, nicolae_slime_entry_slimehenge
Lair:6:   gammafunk_lair_ancient_temple, uniq_nessos
Swamp:1:  hangedman_swamp_ruin_wall
Swamp:2:  evilmike_swamp_ruin_house_5, swamp_pool3, st_swamp_ruins_1
Swamp:3:  hangedman_swamp_blocks
Swamp:4:  swamp_old_school, ebering_ghost_rock_garden, swamp_pool2,
          nicolae_swamp_spriggan_camp
Spider:1: spider_trap, uniq_azrael, uniq_frances
Spider:3: nicolae_spider_cling_halls, uniq_arachne
Spider:4: johnstein_spider_rune_arachne_lair
Orc:1:    uniq_maurice
Orc:2:    st_orc_town, basic_altar
Elf:1:    serial_shops, shop, orc_legates, spider_trap, uniq_louise
Elf:2:    portal_desolation_entry_ruin, uniq_agnes, uniq_donald

Skill      XL: |  1  2  3  4  5  6  7  8  9 10 11 12 13 14 15 16 |
---------------+-------------------------------------------------+-----
Summonings     | 5 6 7 8 9 11 12 15 17 18 19 20 | 20.0
Spellcasting   | 3 4 5 7 9 11 12 14 15 17 18 | 18.2
Stealth        | 2 3 |  3.0
Dodging        | 3 4 5 |  5.8
Fighting       | 1 2 3 4 5 |  5.5
Ice Magic      | 2 4 6 7 9 10 | 10.0
Translocations | 1 2 |  2.6
Conjurations   | 1 2 3 4 |  4.8
Hexes          | 1 |  1.3
Air Magic      | 2 4 |  4.0
Armour         | 4 5 |  5.0
Shields        | 3 4 |  4.0
Polearms       | |  0.3

Action                   |  1- 3 |  4- 6 |  7- 9 | 10-12 | 13-15 | 16-18 || total
-------------------------+-------+-------+-------+-------+-------+-------++-------
Melee: Club              |    90 |       |       |       |       |       ||    90
       Dagger            |    17 |     9 |       |       |       |       ||    26
       Whip              |       |    56 |       |    19 |       |       ||    75
       Halberd           |       |    74 |   167 |   123 |   158 |       ||   522
       Staff             |       |       |       |    26 |     6 |       ||    32
       Quarterstaff      |       |       |       |       |    70 |   106 ||   176
       Unarmed           |       |       |       |       |     1 |       ||     1
       Trident           |       |       |       |       |       |     3 ||     3
 Cast: Summon Small Mamm |    12 |       |       |       |       |       ||    12
       Call Imp          |    18 |    34 |    56 |    35 |       |       ||   143
       Call Canine Famil |     9 |    22 |    37 |    58 |    71 |     4 ||   201
       Animate Skeleton  |       |       |    28 |    67 |   168 |     4 ||   267
       Summon Ice Beast  |       |       |    14 |   172 |   267 |    19 ||   472
       Summon Lightning  |       |       |     8 |   127 |   350 |   123 ||   608
       Summon Guardian G |       |       |     1 |     1 |     2 |       ||     4
       Blink             |       |       |       |     4 |    27 |    20 ||    51
       Shock             |       |       |       |    28 |   264 |   182 ||   474
       Confusing Touch   |       |       |       |     2 |       |     2 ||     4
       Summon Hydra      |       |       |       |       |    72 |    12 ||    84
       Throw Icicle      |       |       |       |       |    65 |    55 ||   120
       Summon Butterflie |       |       |       |       |     1 |       ||     1
       Conjure Flame     |       |       |       |       |    13 |       ||    13
       Swiftness         |       |       |       |       |     1 |       ||     1
       Shadow Creatures  |       |       |       |       |       |    21 ||    21
Invok: Forget Spell      |       |       |       |       |     3 |       ||     3
 Abil: Hop               |       |     3 |     1 |     5 |    20 |     7 ||    36
       Evoke Blink       |       |       |       |     1 |       |       ||     1
Evoke: Wand              |       |       |       |       |       |     1 ||     1
  Use: Scroll            |     5 |     9 |     6 |    13 |    21 |     5 ||    59
       Potion            |       |       |       |     4 |     5 |     4 ||    13
 Stab: Distracted        |     1 |     2 |     9 |     6 |     4 |     1 ||    23
       Sleeping          |     2 |     2 |     4 |     2 |     2 |       ||    12
  Eat: Chunk             |     7 |    10 |    14 |    32 |    61 |    11 ||   135
       Ration            |     1 |     2 |     2 |     7 |    16 |     6 ||    34
Armor: Robe              |    39 |    17 |    30 |    54 |    93 |     7 ||   240
       Ring mail         |       |       |       |    10 |       |       ||    10
       Scale mail        |       |       |       |       |     7 |       ||     7
       Acid dragon scale |       |       |       |       |    69 |   258 ||   327
Dodge: Dodged            |   124 |   125 |   103 |   149 |   354 |   309 ||  1164
Block: Buckler           |       |       |       |       |     1 |       ||     1

Table legend:
 A = Spawn XP
 B = Non-spawn XP
 C = Spawn XP percentage of total XP
 D = Spawn monster count
 E = Non-spawn monster count
 F = Spawn count percentage of total count
 G = Total turns spent on level
                    A         B        C        D         E        F      G
               +---------+---------+-------+---------+---------+-------+---------
         Total |       0 |  168146 |   0.0 |       0 |    1121 |   0.0 | 67067
               +---------+---------+-------+---------+---------+-------+---------
           D:1 |       0 |      24 |   0.0 |       0 |      18 |   0.0 |  1264
           D:2 |       0 |      45 |   0.0 |       0 |      21 |   0.0 |  1799
           D:3 |       0 |     164 |   0.0 |       0 |      35 |   0.0 |  2153
           D:4 |       0 |     132 |   0.0 |       0 |      16 |   0.0 |  1486
           D:5 |       0 |     327 |   0.0 |       0 |      24 |   0.0 |  1125
           D:6 |       0 |     664 |   0.0 |       0 |      29 |   0.0 |  1414
           D:7 |       0 |     326 |   0.0 |       0 |      15 |   0.0 |   761
           D:8 |       0 |    1667 |   0.0 |       0 |      26 |   0.0 |  1477
           D:9 |       0 |    3244 |   0.0 |       0 |      42 |   0.0 |  2315
          D:10 |       0 |    5879 |   0.0 |       0 |      56 |   0.0 |  4227
          D:11 |       0 |    4216 |   0.0 |       0 |      40 |   0.0 |  1809
          D:12 |       0 |    5783 |   0.0 |       0 |      40 |   0.0 |  2781
          D:13 |       0 |    2391 |   0.0 |       0 |      30 |   0.0 |  1178
          D:14 |       0 |    6770 |   0.0 |       0 |      30 |   0.0 |  1391
          D:15 |       0 |    5938 |   0.0 |       0 |      17 |   0.0 |  1859
        Lair:1 |       0 |    3632 |   0.0 |       0 |      27 |   0.0 |  3363
        Lair:2 |       0 |    2692 |   0.0 |       0 |      39 |   0.0 |  2119
        Lair:3 |       0 |    3425 |   0.0 |       0 |      18 |   0.0 |  1356
        Lair:4 |       0 |    4806 |   0.0 |       0 |      34 |   0.0 |  2037
        Lair:5 |       0 |    7312 |   0.0 |       0 |      44 |   0.0 |  2428
        Lair:6 |       0 |    9249 |   0.0 |       0 |      49 |   0.0 |  3124
       Swamp:1 |       0 |    4749 |   0.0 |       0 |      23 |   0.0 |  1731
       Swamp:2 |       0 |    9224 |   0.0 |       0 |      40 |   0.0 |  1410
       Swamp:3 |       0 |    6974 |   0.0 |       0 |      22 |   0.0 |  1875
       Swamp:4 |       0 |    8894 |   0.0 |       0 |      33 |   0.0 |  1096
      Spider:1 |       0 |   17714 |   0.0 |       0 |      75 |   0.0 |  5461
      Spider:2 |       0 |    7212 |   0.0 |       0 |      27 |   0.0 |  1490
      Spider:3 |       0 |   11270 |   0.0 |       0 |      52 |   0.0 |  2402
      Spider:4 |       0 |    8698 |   0.0 |       0 |      31 |   0.0 |  1307
         Orc:1 |       0 |     997 |   0.0 |       0 |      18 |   0.0 |  1298
         Orc:2 |       0 |    6555 |   0.0 |       0 |      91 |   0.0 |  3366
         Elf:1 |       0 |   17173 |   0.0 |       0 |      59 |   0.0 |  3543
               +---------+---------+-------+---------+---------+-------+---------
